Tangles, neutral male sylph Healer --- ---- |..| ----- |%.| |..| -----...| --..--------- --.| ---.......| --...)..%...... --..--|.......-## ----........|...... |....##....-----#--....)...-.---...... |....---...| |........)%.).|......%... |.....|....--|.......)---............. ----..|.....|-........| --............ h |...---.............--- |-........... |.........--......-...|--............ |--..............--|..|.............. |...--.---..|..-## -##..........---h-Z |..| |..---------#- #----.....^O.|..|. ---- |.`.| |...| #..||........|@L@- -----##[..-----#...# --..# --.......EEE| |.<|..|-....|..#---###..-###....|..|-@J| |.^...|---.....| |..| |....|-###T.| --...-- |...--- ---- ------ #--#- ----- ----- ###### Tangles the Medicus ossium Experience level: 17 Strength: 15 Dexterity: 19 Constitution: 17 Intelligence: 16 Wisdom: 20 Charisma: 19 Health: 0(318) Energy: 157(172) Def: 16 Gold: 0 Moves: 38932 Dungeon seed: RgrQvtP1KwtPMprZ Game ID: Tangles_1469009581 Your Inventory: Amulets h - an uncursed amulet of reflection (being worn) Weapons f - 57 +1 darts (in quiver) Z - the blessed +6 Staff of Aesculapius (weapon in hands) Armor u - an uncursed burnt +1 pair of elven boots G - an uncursed fireproof +0 robe (being worn) N - a blessed +3 cornuthaum (being worn) Comestibles a - a blessed eucalyptus leaf D - an uncursed lizard corpse named CONDUCT!! Rings e - an uncursed +4 ring of increase damage n - an uncursed ring of free action (on left hand) t - an uncursed ring of conflict Wands i - a cursed wand of undead turning (0:4) m - a wand of digging (0:5) q - a wand of speed monster (0:8) E - a blessed wand of magic missile (0:4) I - a wand of striking (0:2) V - a wand of fire (0:5) Tools c - an uncursed stethoscope k - an uncursed magic lamp (lit) l - an uncursed skeleton key B - the blessed Platinum Yendorian Express Card F - a blessed bag of holding Gems y - a blessed luckstone Contents of the bag of holding: an uncursed amulet of flying a +1 bullwhip a +0 silver saber an uncursed +1 pair of gauntlets of dexterity 4 uncursed K-rations 6 uncursed apples 3 uncursed carrots 3 uncursed cloves of garlic 2 blessed eucalyptus leaves 5 uncursed eucalyptus leaves 8 uncursed food rations 3 uncursed lembas wafers an uncursed lizard corpse 10 uncursed melons an uncursed orange 2 uncursed pears 3 uncursed sprigs of wolfsbane a blessed tin of orc meat 2 uncursed tripe rations a blessed scroll of blank paper 8 uncursed scrolls of blank paper an uncursed scroll of create monster a blessed scroll of enchant weapon a cursed scroll of enchant weapon a blessed scroll of fire an uncursed scroll of genocide a blessed scroll of identify 4 uncursed scrolls of identify 4 uncursed scrolls of magic mapping 2 blessed scrolls of remove curse an uncursed scroll of remove curse a cursed scroll of remove curse an uncursed scroll of scare monster an uncursed scroll of taming 2 blessed scrolls of teleportation 4 uncursed scrolls of teleportation 10 uncursed scrolls of teleportation 2 cursed scrolls of teleportation 2 uncursed potions of acid a cursed potion of blindness 8 uncursed potions of full healing 3 uncursed potions of gain energy 6 uncursed potions of gain level a cursed potion of gain level a cursed potion of healing 5 potions of holy water 4 uncursed potions of object detection a cursed potion of object detection a blessed potion of sleeping 8 uncursed potions of speed an uncursed ring of free action a blessed +2 ring of protection an uncursed ring of protection from shape changers a cursed ring of see invisible an uncursed ring of teleport control an uncursed ring of teleportation a wand of cold (0:7) a wand of cold (0:7) a blessed wand of create monster (0:14) a wand of create monster (0:14) a wand of digging (0:8) a wand of digging (0:8) a wand of digging (0:7) a wand of digging (0:4) a wand of fire (0:7) a wand of fire (0:7) a wand of fire (0:6) a wand of fire (0:6) a wand of light (0:12) a wand of lightning (0:8) a wand of lightning (0:7) a wand of lightning (0:7) a wand of lightning (0:5) a wand of lightning (0:4) a wand of lightning (0:4) a wand of locking (0:5) a wand of magic missile (0:8) a wand of magic missile (0:8) a wand of magic missile (0:7) a wand of magic missile (0:7) a wand of magic missile (0:5) a wand of magic missile (0:4) a wand of magic missile (0:4) a wand of make invisible (0:6) a wand of make invisible (0:5) a wand of opening (0:3) a blessed wand of probing (0:8) a wand of probing (0:8) a wand of probing (0:5) a wand of probing (0:2) a wand of secret door detection (0:10) a wand of sleep (0:8) a wand of sleep (0:6) a wand of sleep (0:5) a wand of sleep (0:5) a wand of sleep (0:4) a blessed wand of striking (0:8) a wand of striking (0:6) a rustproof wand of striking (0:5) a wand of striking (0:5) a wand of striking (0:4) a wand of striking (0:3) a wand of striking (0:3) a wand of striking (0:3) a wand of striking (0:2) a wand of teleportation (0:5) a cursed wand of teleportation (0:5) a wand of undead turning (0:8) a wand of undead turning (0:5) a wand of wishing (2:0) the rustproof +0 Quickpick a can of grease (0:11) a cursed magic harp (0:3) a magic marker (0:30) a cursed towel a blessed +6 unicorn horn a +0 unicorn horn a cursed +0 unicorn horn Spells and supernatural/magical abilities: Name Level Category Fail Memory c - cause fear 3 enchantment 45% 70% d - dig 5 matter 93% 61% e - charm monster 3 enchantment 45% 8% h - healing 1 healing 0% 9% i - invisibility 4 escape 90% 8% k - knock 1 matter 0% 43% l - light 1 divination 0% 11% m - magic missile 2 attack 0% 43% w - wizard lock 2 matter 0% 7% x - extra healing 3 healing 0% 9% z - sleep 1 enchantment 0% 43% B - cure blindness 2 healing 0% 7% G - detect treasure 4 divination 90% 8% I - identify 3 divination 45% 44% K - cure sickness 3 healing 0% 30% O - create monster 2 clerical 0% 7% S - stone to flesh 3 healing 0% 9% W - pray for help -- divine ? -- Your skills at the end: Miscellaneous Skills wands [Skilled] Weapon Skills knife [Skilled] short sword [Skilled] quarterstaff [Expert] dart [Skilled] unicorn horn [Basic] Spellcasting Skills healing spells [Basic] Final Attributes: You were the Envoy of Balance. You were piously aligned. You were fire resistant. You were cold resistant. You were sleep resistant. You were shock resistant. You were poison resistant. You were level-drain resistant. You were magic-protected. You saw invisible. You were telepathic. You were warned. You had infravision. You were sensing the presence of monsters. You were invisible to others. You were displaced. You were stealthy. You regenerated. You were protected. You were protected from shape changers. You were fast. You had reflection. You had free action. You were extremely lucky. You had extra luck. Good luck did not time out for you. You are dead. Vanquished creatures: Medusa Croesus an iron golem The Cyclops 3 master liches 2 storm giants 2 titans a deep ettin 2 glass golems 3 balrogs 2 purple worms a gray dragon a silver dragon 7 red dragons a white dragon 5 orange dragons 3 black dragons 13 blue dragons a green dragon a yellow dragon 3 minotaurs 2 jabberwocks a baluchitherium an Angel 2 demiliches 2 stone golems 2 Olog-hai 2 Nazgul 11 pit fiends 6 sandestins 2 hell hounds 2 titanotheres 20 baby red dragons 25 baby blue dragons a disenchanter 10 vampire lords 3 captains 8 liches 2 nurses 7 ice devils 3 nalfeshnees 2 lurkers above an Aleax a frost giant 4 black puddings 7 vampires 26 ghosts an ettin 10 lieutenants a queen bee 4 giant mimics 2 fire giants 5 ogre kings 2 ice trolls 5 rock trolls an umber hulk a flesh golem an Elvenking 13 doppelgangers 18 hezrous 19 bone devils 5 large mimics a fire vortex 3 long worms 3 couatls 5 stalkers an air elemental a fire elemental 2 earth elementals a water elemental 4 hill giants 3 giant mummies 3 black nagas 7 xorns 14 giant zombies 16 elf-lords 27 sergeants 16 vrocks 13 wargs a winter wolf 5 small mimics 5 island nymphs 3 glass piercers a warhorse 3 steam vortices 4 xans 2 ettin mummies 3 ogre lords 2 quantum mechanics 14 trolls a sasquatch 4 wood golems 11 mariliths 5 sharks 5 electric eels 8 freezing spheres 4 flaming spheres 6 shocking spheres 2 large cats 5 tigers 4 gargoyles a dwarf king 3 tengu 2 gelatinous cubes 6 ochre jellies 7 chameleons 6 leocrottas 3 energy vortices 5 mountain centaurs 5 giants 6 elf mummies a human mummy 3 red nagas 4 pit vipers 2 pythons 5 cobras 36 wraiths 16 ettin zombies a leather golem 11 Grey-elves 120 soldiers 6 succubi 5 incubi 4 giant beetles 12 cockatrices 13 wolves 4 winter wolf cubs 3 lynxes 3 panthers 2 gremlins 6 leprechauns 5 quivering blobs 2 spotted jellies 14 lizards a mountain nymph 5 orc-captains a mumak 6 giant spiders 7 scorpions 4 iron piercers a horse an ice vortex 5 black lights 7 vampire bats 5 forest centaurs 8 gnome kings 5 orc mummies 4 dwarf mummies 2 ogres 3 brown puddings 8 rust monsters 10 owlbears 9 yetis 5 werewolves 5 Green-elves 13 giant eels 5 chickatrices a dog 4 dingos a housecat 6 jaguars 5 dwarf lords 5 blue jellies 3 water nymphs 5 white unicorns 3 black unicorns 5 dust vortices 6 ravens 5 plains centaurs 2 gnome mummies 27 snakes 7 apes 15 human zombies a rope golem 7 Woodland-elves 6 soldier ants 13 fire ants 33 bugbears 4 imps 15 quasits 2 baby crocodiles 8 wood nymphs 18 Mordor orcs 44 Uruk-hai 5 orc shamans 7 rock moles 5 rock piercers 3 fog clouds 9 yellow lights 3 shriekers 5 violet fungi 21 gnome lords 11 gnomish wizards 2 kobold mummies a red naga hatchling a black naga hatchling 2 golden naga hatchlings 2 gray oozes 21 elf zombies 8 ghouls 2 straw golems 4 paper golems a jellyfish 9 giant ants a little dog 9 floating eyes 2 kittens 24 dwarves 5 homunculi 4 kobold lords 5 kobold shamans 6 iguanas 25 hill orcs 22 rothes 23 rabid rats 5 centipedes 3 giant bats a monkey 15 orc zombies 10 dwarf zombies 4 wererats 5 werejackals 74 killer bees 7 coyotes 4 gas spores 15 hobbits 3 acid blobs 5 large kobolds 8 geckos 30 hobgoblins 78 giant rats 10 cave spiders 3 brown molds 5 yellow molds 4 green molds a red mold 43 gnomes 15 garter snakes 29 manes 14 gnome zombies 19 jackals 5 foxes 5 kobolds 10 newts 12 goblins 10 sewer rats 14 grid bugs 5 bats 5 lichens 6 kobold zombies 1937 creatures vanquished. Genocided or extinct species: soldiers (extinct) 1 species extinct. Voluntary challenges: You followed a strict vegan diet. You used a wielded weapon 3708 times, starting on turn 284. You did not apply a unicorn horn. You read items or engraved 146 times, starting on turn 3698. You never genocided any monsters. You never polymorphed an object. You never changed form. You completed Sokoban on turn 10483, according to the rules. You used 2 wishes, starting on turn 31993. You wished for your your first artifact on turn 31993. You never split a pudding. You wrote Elbereth's name 7 times, starting on turn 3698. You violated your moral code, losing 14 points of alignment, starting on turn 18341. Dungeon overview: The Dungeons of Doom: levels 1 to 30 Level 1 many fountains a long staircase Level 2 stairs to The Gnomish Mines Level 3 Level 4 a fountain Level 5 an armor shop, a fountain Level 6 many fountains Level 7 a fountain stairs to Sokoban Level 8 a general store, a sink Level 9 (v) an altar to Hermes Level 10 (gstore, $ (note to self - get a useful pet)) a general store Level 11 a fountain Level 12 ( ) Level 13 portal to The Quest Level 14 a fountain Level 15 an altar to Hermes, a fountain Level 16 a fountain Level 17 (v) some fountains Level 18 Level 19 a fountain Level 20 Level 21 a fountain portal to Fort Ludios Level 22 Level 23 Level 24 Level 25 Level 26 Level 27 Level 28 Level 29 Level 30 a magic chest, a fountain Gehennom: levels 31 to 43 Level 31 a temple to Moloch, a magic chest stairs to The Dungeons of Doom Level 32 Level 33 a magic chest Level 34 Level 35 Level 36 Level 37 Level 38 Level 39 Level 40 Level 41 a magic chest Level 42 Level 43 <- You were here The Gnomish Mines: levels 3 to 11 Level 3 stairs to The Dungeons of Doom Level 4 Level 5 many shops, a temple to Athena, a magic chest, some fountains Level 6 Level 7 Level 8 Level 9 Level 10 Level 11 a magic chest, a fountain The Quest: levels 1 to 5 Level 1 an altar to Hermes, a magic chest portal to The Dungeons of Doom Level 2 Level 3 a temple to Poseidon Level 4 Level 5 Sokoban: levels 3 to 6 Level 3 a magic chest Level 4 Level 5 Level 6 a magic chest stairs to The Dungeons of Doom Fort Ludios: Level 1 a magic chest portal to The Dungeons of Doom History has recorded: On T:1 you entered the Dungeons of Doom to retrieve the Amulet of Yendor! On T:33 you reached level 2 of The Dungeons of Doom. On T:359 you reached level 1 of The Gnomish Mines. On T:483 you advanced to experience level 2. On T:517 you reached level 2 of The Gnomish Mines. On T:560 you advanced to experience level 3. On T:752 you reached level 3 of The Gnomish Mines. On T:884 you entered the Minetown temple On T:887 you opened a magic chest. On T:897 you opened a magic chest. On T:903 you opened a magic chest. On T:2199 you opened a magic chest. On T:2210 you opened a magic chest. On T:2219 you opened a magic chest. On T:2220 you opened a magic chest. On T:2249 you advanced to experience level 4. On T:2388 you reached level 4 of The Gnomish Mines. On T:2856 you advanced to experience level 5. On T:2879 you reached level 5 of The Gnomish Mines. On T:3366 you reached level 6 of The Gnomish Mines. On T:3521 you advanced to experience level 6. On T:3905 you reached level 7 of The Gnomish Mines. On T:4283 you reached level 8 of The Gnomish Mines. On T:4514 you reached level 9 of The Gnomish Mines. On T:4514 you reached the bottom of the Mines. On T:4853 you opened a magic chest. On T:5151 you advanced to experience level 7. On T:5973 you opened a magic chest. On T:5975 you opened a magic chest. On T:5976 you opened a magic chest. On T:5977 you opened a magic chest. On T:5980 you opened a magic chest. On T:6001 you opened a magic chest. On T:6003 you opened a magic chest. On T:6003 you opened a magic chest. On T:6820 you reached level 3 of The Dungeons of Doom. On T:7123 you reached level 4 of The Dungeons of Doom. On T:7218 you reached level 5 of The Dungeons of Doom. On T:7440 you reached level 6 of The Dungeons of Doom. On T:7910 you advanced to experience level 8. On T:7962 you reached level 7 of The Dungeons of Doom. On T:8034 you reached level 4 of Sokoban. On T:8090 you opened a magic chest. On T:8091 you opened a magic chest. On T:8093 you opened a magic chest. On T:8302 you reached level 3 of Sokoban. On T:8737 you opened a magic chest. On T:8793 you reached level 2 of Sokoban. On T:9545 you reached level 1 of Sokoban. On T:10483 you advanced to experience level 9. On T:10483 you entered the Sokoban zoo. On T:10583 you opened a magic chest. On T:10585 you opened a magic chest. On T:10713 you reached level 8 of The Dungeons of Doom. On T:11174 you reached level 9 of The Dungeons of Doom. On T:11196 you reached level 10 of The Dungeons of Doom. On T:12677 you reached level 11 of The Dungeons of Doom. On T:12850 you advanced to experience level 8. On T:13122 you opened a magic chest. On T:13124 you opened a magic chest. On T:13419 you reached level 12 of The Dungeons of Doom. On T:13950 you reached level 13 of The Dungeons of Doom. On T:14225 you advanced to experience level 7. On T:14822 you opened a magic chest. On T:14834 you opened a magic chest. On T:14841 you opened a magic chest. On T:14842 you opened a magic chest. On T:14843 you opened a magic chest. On T:14849 you opened a magic chest. On T:14851 you opened a magic chest. On T:14852 you opened a magic chest. On T:14853 you opened a magic chest. On T:14854 you opened a magic chest. On T:15349 you advanced to experience level 8. On T:15736 you advanced to experience level 9. On T:15972 you reached level 14 of The Dungeons of Doom. On T:16225 you reached level 15 of The Dungeons of Doom. On T:16397 you received Quickpick from Hermes. On T:16796 you reached level 16 of The Dungeons of Doom. On T:17075 you reached level 17 of The Dungeons of Doom. On T:17269 you reached level 19 of The Dungeons of Doom. On T:17568 you reached level 18 of The Dungeons of Doom. On T:17778 you advanced to experience level 10. On T:18366 you reached level 20 of The Dungeons of Doom. On T:18565 you advanced to experience level 11. On T:20697 you opened a magic chest. On T:20706 you opened a magic chest. On T:20715 you opened a magic chest. On T:20726 you opened a magic chest. On T:20985 you opened a magic chest. On T:21002 you opened a magic chest. On T:21399 you were named as the Envoy of Balance! On T:21666 you reached level 1 of The Quest. On T:22010 you opened a magic chest. On T:22595 you reached level 21 of The Dungeons of Doom. On T:22661 you reached level 22 of The Dungeons of Doom. On T:23080 you reached Fort Ludios. On T:23225 you advanced to experience level 12. On T:24452 you killed Croesus in Fort Ludios. On T:24463 you opened a magic chest. On T:24485 you opened a magic chest. On T:24486 you opened a magic chest. On T:24487 you opened a magic chest. On T:24735 you opened a magic chest. On T:24767 you opened a magic chest. On T:24776 you opened a magic chest. On T:24797 you opened a magic chest. On T:24798 you opened a magic chest. On T:24799 you opened a magic chest. On T:24800 you opened a magic chest. On T:24802 you opened a magic chest. On T:24805 you opened a magic chest. On T:24808 you opened a magic chest. On T:24870 you opened a magic chest. On T:24870 you opened a magic chest. On T:25307 you advanced to experience level 13. On T:26005 you reached level 23 of The Dungeons of Doom. On T:26692 you reached level 24 of The Dungeons of Doom. On T:26740 you reached level 25 of The Dungeons of Doom. On T:27500 you opened a magic chest. On T:27501 you opened a magic chest. On T:27503 you opened a magic chest. On T:27504 you opened a magic chest. On T:27528 you opened a magic chest. On T:27628 you opened a magic chest. On T:27629 you opened a magic chest. On T:27633 you opened a magic chest. On T:27640 you opened a magic chest. On T:27641 you opened a magic chest. On T:27644 you opened a magic chest. On T:27644 you opened a magic chest. On T:27646 you opened a magic chest. On T:27694 you opened a magic chest. On T:27694 you opened a magic chest. On T:27695 you opened a magic chest. On T:28344 you opened a magic chest. On T:28345 you advanced to experience level 14. On T:28350 you embarked upon an epic quest. On T:28355 you reached level 2 of The Quest. On T:28512 you reached level 3 of The Quest. On T:28613 you advanced to experience level 15. On T:28666 you reached level 4 of The Quest. On T:28859 you reached level 5 of The Quest. On T:28934 you killed Cyclops on level 5 of The Quest. On T:29394 you completed the quest! On T:29402 you opened a magic chest. On T:30176 you reached level 26 of The Dungeons of Doom. On T:30179 you killed Medusa on level 26 of The Dungeons of Doom. On T:30312 you advanced to experience level 16. On T:30808 you reached level 27 of The Dungeons of Doom. On T:31088 you reached level 28 of The Dungeons of Doom. On T:31483 you reached level 29 of The Dungeons of Doom. On T:31513 you reached The Castle. On T:31993 you wished for "blessed greased fixed eye of the aethiopica". On T:31994 you wished for "blessed platinum yendorian express card". On T:32032 you opened a magic chest. On T:32034 you opened a magic chest. On T:32035 you opened a magic chest. On T:32204 you opened a magic chest. On T:32410 you opened a magic chest. On T:32412 you opened a magic chest. On T:32419 you opened a magic chest. On T:32430 you opened a magic chest. On T:32444 you reached The Valley of the Dead. On T:32906 you opened a magic chest. On T:32914 you opened a magic chest. On T:32915 you opened a magic chest. On T:32916 you opened a magic chest. On T:32963 you opened a magic chest. On T:32963 you opened a magic chest. On T:32964 you opened a magic chest. On T:32969 you opened a magic chest. On T:32970 you opened a magic chest. On T:32970 you opened a magic chest. On T:32996 you opened a magic chest. On T:33038 you reached level 2 of Gehennom. On T:33412 you reached level 3 of Gehennom. On T:33560 you opened a magic chest. On T:33560 you opened a magic chest. On T:33562 you opened a magic chest. On T:33563 you opened a magic chest. On T:34045 you opened a magic chest. On T:34063 you opened a magic chest. On T:34064 you opened a magic chest. On T:34064 you opened a magic chest. On T:34067 you opened a magic chest. On T:34140 you opened a magic chest. On T:34143 you opened a magic chest. On T:34149 you opened a magic chest. On T:34150 you opened a magic chest. On T:34388 you reached level 5 of Gehennom. On T:34432 you reached level 4 of Gehennom. On T:34832 you opened a magic chest. On T:35040 you advanced to experience level 17. On T:35769 you reached level 6 of Gehennom. On T:36084 you reached level 7 of Gehennom. On T:36094 you reached level 8 of Gehennom. On T:36233 you reached level 9 of Gehennom. On T:36790 you reached level 11 of Gehennom. On T:36794 you reached level 12 of Gehennom. On T:36946 you reached level 10 of Gehennom. On T:37954 you opened a magic chest. On T:37955 you opened a magic chest. On T:37959 you opened a magic chest. On T:37962 you opened a magic chest. On T:37970 you opened a magic chest. On T:37970 you opened a magic chest. On T:37970 you opened a magic chest. On T:37970 you opened a magic chest. On T:37976 you opened a magic chest. On T:37981 you opened a magic chest. On T:38188 you reached level 13 of Gehennom. On T:38221 you opened a magic chest. On T:38235 you opened a magic chest. On T:38257 you opened a magic chest. On T:38258 you opened a magic chest. Score breakdown: Gold: 0 ( 0 points) Experience: 17 levels ( 1600 points) Exploration: 43 levels ( 1260 points) Discoveries: 132 items ( 2000 points) Variety of kills: 250 monsters ( 2000 points) Major goal: finished the Quest ( 2000 points) Survival: died (score multiplied by 3) Total score: 26580 Latest messages: You feel hungry. You feel much better. The jabberwock bites! (2x) The jabberwock claws you! (2x) The fire elemental lashes you! You're on fire! The fire doesn't feel hot! The fire elemental lashes you! The Elvenking thrusts his runed short sword. The Elvenking stabs you! The Elvenking thrusts his runed short sword. The Elvenking stabs you! The elf-lord zaps a wand of sleep! The sleep ray whizzes by you! The sleep ray bounces! The sleep ray hits the ogre. The elf-lord swings his runed broadsword. The elf-lord hacks you! You die... Final status: Goodbye Tangles the Healer, killed by an elf-lord... You died in Gehennom on dungeon level 43 with 26580 points, and 0 pieces of gold, after 38932 moves. You were level 17 with a maximum of 318 hit points when you died.